NCAA
BOSTON COLLEGE EAGLES @ INDIANA HOOSIERS
05/19/2026
 
TOP OF THE 1ST
Boston College Eagles batting - Pitching for Indiana Hoosiers : RHP John Turner
Pitching: RHP John Turner
Batting: RHB Al Williamson 0-0: Ball
1-0: Reached on Error, E8 (Flyball, 8LM)
Batting: LHB Greg Hyde 0-0: Called Strike
0-1: Called Strike
0-2: Strikes out swinging
Batting: SHB Felipe Castro 0-0: Called Strike
0-1: Ball
1-1: Ball
2-1: Swinging Strike
2-2: Ball
3-2: Base on Balls
Al Williamson to second
Batting: RHB Dennis House 0-0: Grounds out, U3 (Groundball, 3L)
Al Williamson to third
Batting: LHB Rafael Yan 0-0: Ball
1-0: Ball
2-0: Ball
3-0: Base on Balls
Batting: RHB Jesús Morales 0-0: Called Strike
0-1: Called Strike
0-2: SINGLE (Groundball, 4M)
Al Williamson scores
Felipe Castro to third
Rafael Yan to second
Runner from 3rd tries for Home, SAFE, throw made home
Rafael Yan to third
Jesús Morales to second
Batting: SHB Ralph Alfonzo 0-0: Ground out 5-3 (Groundball, 5L)
Top of the 1st over - 2 run(s), 1 hit(s), 1 error(s), 2 left on base; Boston College 2 - Indiana 0
BOTTOM OF THE 1ST
Indiana Hoosiers batting - Pitching for Boston College Eagles : RHP Clinton Johnston
Pitching: RHP Clinton Johnston
Batting: RHB Mark Cornett 0-0: Called Strike
0-1: Called Strike
0-2: Strikes out swinging
Batting: RHB Troy Johnson 0-0: Fly out, F9 (Flyball, 9D)
Batting: RHB Stephen Concepción 0-0: Ball
1-0: Ball
2-0: Called Strike
2-1: Called Strike
2-2: Strikes out swinging
Bottom of the 1st over - 0 run(s), 0 hit(s), 0 error(s), 0 left on base; Boston College 2 - Indiana 0
TOP OF THE 2ND
Boston College Eagles batting - Pitching for Indiana Hoosiers : RHP John Turner
Batting: RHB Ed Gómez 0-0: Foul Ball, location: 2F
0-1: SOLO HOME RUN (Flyball, 9D), Distance : 371 ft
Batting: RHB Shaun Harris 0-0: Ball
1-0: Fly out, F9 (Line Drive, 9M)
Batting: RHB Al Williamson 0-0: Swinging Strike
0-1: Ball
1-1: Called Strike
1-2: Strikes out looking
Batting: LHB Greg Hyde 0-0: Ball
1-0: Ground out 6-3 (Groundball, 6)
Top of the 2nd over - 1 run(s), 1 hit(s), 0 error(s), 0 left on base; Boston College 3 - Indiana 0
BOTTOM OF THE 2ND
Indiana Hoosiers batting - Pitching for Boston College Eagles : RHP Clinton Johnston
Batting: SHB Terry Christian 0-0: Ball
1-0: Ball
2-0: SINGLE (Groundball, 4MD)
Batting: LHB Michael Hanson 0-0: Called Strike
Terry Christian steals 2nd base
0-1: SINGLE (Line Drive, 6MD)
Terry Christian to third
Batting: RHB Elwood López 0-0: Ball
1-0: Ball
Michael Hanson steals 2nd base
2-0: Foul Ball, location: 2F
2-1: Fly out, F8 (Flyball, 8LM)
Runner from 3rd tags up, SCORES, no throw
Batting: RHB Will White 0-0: Ball
1-0: Foul Ball, location: 2F
1-1: Ball
2-1: Foul Ball, location: 2F
2-2: Ball
3-2: Base on Balls
Batting: RHB Eugene Williams 0-0: Called Strike
0-1: Foul Ball, location: 2F
0-2: Strikes out swinging
Batting: RHB Armando Bernard 0-0: Called Strike
0-1: Ball
1-1: Swinging Strike
1-2: SINGLE (Groundball, 56D)
Michael Hanson to third
Will White to second
Runner from 3rd tries for Home, SAFE, no throw or cutoff
Batting: RHB Mark Cornett 0-0: Swinging Strike
0-1: Ball
1-1: Ground out 4-3 (Groundball, 34)
Bottom of the 2nd over - 2 run(s), 3 hit(s), 0 error(s), 2 left on base; Boston College 3 - Indiana 2
TOP OF THE 3RD
Boston College Eagles batting - Pitching for Indiana Hoosiers : RHP John Turner
Batting: SHB Felipe Castro 0-0: Called Strike
0-1: SINGLE (Groundball, 6MD)
Batting: RHB Dennis House 0-0: Ball
1-0: Called Strike
1-1: Swinging Strike
1-2: Ball
2-2: Foul Ball, location: 2F
2-2: Strikes out looking
Batting: LHB Rafael Yan 0-0: DOUBLE (Line Drive, 9LM)
Felipe Castro to third
Batting: RHB Jesús Morales 0-0: Ground out 6-3 (Groundball, 6MS)
Felipe Castro scores
Rafael Yan to third
Batting: SHB Ralph Alfonzo 0-0: Ball
1-0: Called Strike
1-1: Ground out 5-3 (Groundball, 56)
Top of the 3rd over - 1 run(s), 2 hit(s), 0 error(s), 1 left on base; Boston College 4 - Indiana 2
BOTTOM OF THE 3RD
Indiana Hoosiers batting - Pitching for Boston College Eagles : RHP Clinton Johnston
Batting: RHB Troy Johnson 0-0: Ball
1-0: Ball
2-0: Ball
3-0: Called Strike
3-1: Base on Balls
Batting: RHB Stephen Concepción 0-0: Foul Ball, location: 2F
0-1: Called Strike
0-2: Fly out, F8 (Flyball, 8RM)
Batting: SHB Terry Christian 0-0: Ball
1-0: SINGLE (Flyball, 8LS)
Troy Johnson to second
Batting: LHB Michael Hanson 0-0: Ball
1-0: Called Strike
1-1: Called Strike
1-2: Ball
2-2: Reached on error, E6 (Groundball, 56)
Troy Johnson to third
Terry Christian to second
Batting: RHB Elwood López 0-0: Foul Ball, location: 2F
0-1: Swinging Strike
0-2: Strikes out looking
Batting: RHB Will White 0-0: Foul Ball, location: 2F
0-1: Ball
1-1: Ball
2-1: Foul Ball, location: 2F
2-2: Ball
3-2: Foul Ball, location: 2F
3-2: Foul Ball, location: 2F
3-2: Ground out 5-3 (Groundball, 5)
Bottom of the 3rd over - 0 run(s), 1 hit(s), 1 error(s), 3 left on base; Boston College 4 - Indiana 2
TOP OF THE 4TH
Boston College Eagles batting - Pitching for Indiana Hoosiers : RHP John Turner
Batting: RHB Ed Gómez 0-0: Ball
1-0: Swinging Strike
1-1: Foul Ball, location: 2F
1-2: Strikes out swinging
Batting: RHB Shaun Harris 0-0: Ball
1-0: Ball
2-0: Reached on error, E5 (Groundball, 56)
Batting: RHB Al Williamson 0-0: Fly out, F2 (Popup, 2RF)
Batting: LHB Greg Hyde 0-0: Called Strike
0-1: Hit by Pitch
Shaun Harris to second
Batting: SHB Felipe Castro 0-0: Called Strike
0-1: Called Strike
0-2: SINGLE (Line Drive, 6MD)
Shaun Harris to third
Greg Hyde to second
Runner from 3rd tries for Home, SAFE, no throw or cutoff
Batting: RHB Dennis House 0-0: Ball
1-0: Ball
2-0: Ball
3-0: Called Strike
3-1: Swinging Strike
3-2: Foul Ball, location: 2F
3-2: Strikes out looking
Top of the 4th over - 1 run(s), 1 hit(s), 1 error(s), 2 left on base; Boston College 5 - Indiana 2
BOTTOM OF THE 4TH
Indiana Hoosiers batting - Pitching for Boston College Eagles : RHP Clinton Johnston
Batting: RHB Eugene Williams 0-0: Foul Ball, location: 2F
0-1: Ball
1-1: Ball
2-1: Swinging Strike
2-2: Ball
3-2: Strikes out looking
Batting: RHB Armando Bernard 0-0: Called Strike
0-1: Swinging Strike
0-2: Fly out, F8 (Flyball, 8LM)
Batting: RHB Mark Cornett 0-0: Ball
1-0: Foul Ball, location: 2F
1-1: Ball
2-1: Swinging Strike
2-2: Strikes out looking
Bottom of the 4th over - 0 run(s), 0 hit(s), 0 error(s), 0 left on base; Boston College 5 - Indiana 2
TOP OF THE 5TH
Boston College Eagles batting - Pitching for Indiana Hoosiers : RHP John Turner
Batting: LHB Rafael Yan 0-0: Called Strike
0-1: Ball
1-1: Ball
2-1: Ball
3-1: Base on Balls
Batting: RHB Jesús Morales 0-0: Called Strike
0-1: Fielders Choice at 2nd, 6-4 (Groundball, 6M)
Batting: SHB Ralph Alfonzo 0-0: Called Strike
0-1: Called Strike
0-2: Ball
1-2: Ground out U3 (Groundball, 3S)
Jesús Morales to second
Batting: RHB Ed Gómez 0-0: Ball
1-0: Ball
2-0: Called Strike
2-1: Ball
3-1: Foul Ball, location: 2F
3-2: Base on Balls
Pitching: RHP Edward Armstrong
Batting: RHB Shaun Harris 0-0: Ball
1-0: Swinging Strike
1-1: Ball
2-1: Foul Ball, location: 2F
2-2: Strikes out swinging
Top of the 5th over - 0 run(s), 0 hit(s), 0 error(s), 2 left on base; Boston College 5 - Indiana 2
BOTTOM OF THE 5TH
Indiana Hoosiers batting - Pitching for Boston College Eagles : RHP Clinton Johnston
Batting: RHB Troy Johnson 0-0: Ball
1-0: Called Strike
1-1: Called Strike
1-2: Ground out 6-3 (Groundball, 6)
Pitching: RHP Millard Lambright
Batting: RHB Stephen Concepción 0-0: Ground out 5-3 (Groundball, 56)
Batting: SHB Terry Christian 0-0: Ball
1-0: Ground out 1-3 (Groundball, 25)
Bottom of the 5th over - 0 run(s), 0 hit(s), 0 error(s), 0 left on base; Boston College 5 - Indiana 2
TOP OF THE 6TH
Boston College Eagles batting - Pitching for Indiana Hoosiers : RHP Edward Armstrong
Batting: RHB Al Williamson 0-0: Fly out, F8 (Flyball, 8LM)
Batting: LHB Greg Hyde 0-0: Ball
1-0: Ball
2-0: Called Strike
2-1: Foul Ball, location: 2F
2-2: Ball
3-2: Foul Ball, location: 2F
3-2: Ground out 6-3 (Groundball, 6M)
Batting: SHB Felipe Castro 0-0: Foul Ball, location: 2F
0-1: Ball
1-1: Called Strike
1-2: Foul Ball, location: 2F
1-2: Ball
2-2: SINGLE (Groundball, 34)
Batting: RHB Dennis House 0-0: Called Strike
0-1: Ball
1-1: Ball
2-1: Ground out 1-3 (Groundball, 15S)
Top of the 6th over - 0 run(s), 1 hit(s), 0 error(s), 1 left on base; Boston College 5 - Indiana 2
BOTTOM OF THE 6TH
Indiana Hoosiers batting - Pitching for Boston College Eagles : RHP Millard Lambright
Batting: LHB Michael Hanson 0-0: Ball
1-0: Called Strike
1-1: Ball
2-1: Ball
3-1: Base on Balls
Batting: RHB Elwood López 0-0: Called Strike
0-1: Fly out, F8 (Flyball, 8RM)
Batting: RHB Will White 0-0: Ball
Michael Hanson is caught stealing 2nd base
1-0: Ball
2-0: Foul Ball, location: 2F
2-1: Foul Ball, location: 2F
2-2: Strikes out swinging
Bottom of the 6th over - 0 run(s), 0 hit(s), 0 error(s), 0 left on base; Boston College 5 - Indiana 2
TOP OF THE 7TH
Boston College Eagles batting - Pitching for Indiana Hoosiers : RHP Edward Armstrong
Batting: LHB Rafael Yan 0-0: Ball
1-0: Foul Ball, location: 2F
1-1: Ball
2-1: Foul Ball, location: 2F
2-2: Foul Ball, location: 2F
2-2: Foul Ball, location: 2F
2-2: Ball
3-2: Ground out 4-3 (Groundball, 4)
Batting: RHB Jesús Morales 0-0: Swinging Strike
0-1: Called Strike
0-2: Ball
1-2: Ball
2-2: Foul Ball, location: 2F
2-2: Foul Ball, location: 2F
2-2: Foul Ball, location: 2F
2-2: Strikes out swinging
Batting: SHB Ralph Alfonzo 0-0: Ball
1-0: Ball
2-0: Ball
3-0: Base on Balls
Batting: RHB Ed Gómez 0-0: Ball
1-0: Called Strike
1-1: Called Strike
1-2: Strikes out swinging
Top of the 7th over - 0 run(s), 0 hit(s), 0 error(s), 1 left on base; Boston College 5 - Indiana 2
BOTTOM OF THE 7TH
Indiana Hoosiers batting - Pitching for Boston College Eagles : RHP Millard Lambright
Pitching: RHP Brad Potter
Batting: RHB Eugene Williams 0-0: Ball
1-0: DOUBLE (Line Drive, 5L)
Batting: RHB Armando Bernard 0-0: Fly out, F8 (Flyball, 8LM)
Batting: RHB Mark Cornett 0-0: Called Strike
0-1: Swinging Strike
0-2: Ball
1-2: Ball
2-2: Strikes out swinging
Batting: RHB Troy Johnson 0-0: Ball
1-0: Fly out, F7 (Flyball, 78S)
Bottom of the 7th over - 0 run(s), 1 hit(s), 0 error(s), 1 left on base; Boston College 5 - Indiana 2
TOP OF THE 8TH
Boston College Eagles batting - Pitching for Indiana Hoosiers : RHP Edward Armstrong
Pitching: LHP Juan Vásquez
Batting: RHB Shaun Harris 0-0: Ball
1-0: SINGLE (Flyball, 9S)
Batting: RHB Al Williamson 0-0: Called Strike
0-1: Ball
1-1: Ball
2-1: Sac Bunt - play at first, batter OUT! 5-4
Shaun Harris to second
Batting: LHB Greg Hyde 0-0: Ball
1-0: Ball
2-0: Ground out 6-3 (Groundball, 6M)
Shaun Harris to third
Batting: SHB Felipe Castro 0-0: Ball
1-0: Ball
2-0: Ball
3-0: Base on Balls
Batting: RHB Dennis House 0-0: Ball
1-0: Fly out, F9 (Flyball, 89M)
Top of the 8th over - 0 run(s), 1 hit(s), 0 error(s), 2 left on base; Boston College 5 - Indiana 2
BOTTOM OF THE 8TH
Indiana Hoosiers batting - Pitching for Boston College Eagles : RHP Brad Potter
Batting: RHB Stephen Concepción 0-0: Ball
1-0: Ball
2-0: Ball
3-0: Base on Balls
Pitching: LHP Sixto Pineda
Batting: SHB Terry Christian 0-0: Ball
1-0: Ball
2-0: Ball
3-0: Called Strike
3-1: Foul Ball, location: 2F
3-2: Base on Balls
Stephen Concepción to second
Batting: LHB Michael Hanson 0-0: Foul Ball, location: 2F
0-1: Ball
1-1: Called Strike
1-2: Foul Ball, location: 2F
1-2: Foul Ball, location: 2F
1-2: Foul Ball, location: 2F
1-2: SINGLE (Groundball, 5D)
Stephen Concepción to third
Terry Christian to second
Pitching: RHP Herman Matthews
Batting: RHB Elwood López 0-0: Ball
1-0: Ball
2-0: Ball
3-0: Called Strike
3-1: Called Strike
3-2: Strikes out swinging
Batting: RHB Will White 0-0: SINGLE (Groundball, 56D)
Stephen Concepción scores
Terry Christian to third
Michael Hanson to second
Runner from 3rd tries for Home, SAFE, no throw or cutoff
Batting: RHB Eugene Williams 0-0: Ball
1-0: Fly out, F3 (Popup, 3F)
Batting: RHB Armando Bernard 0-0: Ball
1-0: Ball
2-0: Foul Ball, location: 2F
2-1: Called Strike
2-2: Ground out 5-3 (Groundball, 56S)
Bottom of the 8th over - 2 run(s), 2 hit(s), 0 error(s), 2 left on base; Boston College 5 - Indiana 4
TOP OF THE 9TH
Boston College Eagles batting - Pitching for Indiana Hoosiers : LHP Juan Vásquez
Pitching: LHP Kel Pitts
Batting: LHB Rafael Yan 0-0: Called Strike
0-1: Foul Ball, location: 2F
0-2: SINGLE (Flyball, 6MD)
Batting: RHB Jesús Morales 0-0: Sac Bunt - play at first, batter OUT! 5-4
Rafael Yan to second
Batting: SHB Ralph Alfonzo Single, Error in OF, E9, batter to second base
Rafael Yan scores
Batting: RHB Ed Gómez 0-0: Intentional Walk
Batting: RHB Shaun Harris 0-0: Called Strike
0-1: Called Strike
0-2: Ball
1-2: Strikes out looking
Batting: RHB Al Williamson 0-0: Called Strike
0-1: Swinging Strike
0-2: Strikes out looking
Top of the 9th over - 1 run(s), 2 hit(s), 1 error(s), 2 left on base; Boston College 6 - Indiana 4
BOTTOM OF THE 9TH
Indiana Hoosiers batting - Pitching for Boston College Eagles : RHP Herman Matthews
Batting: RHB Mark Cornett 0-0: Ball
1-0: Called Strike
1-1: Ball
2-1: Foul Ball, location: 2F
2-2: Strikes out swinging
Batting: RHB Troy Johnson 0-0: Called Strike
0-1: Foul Ball, location: 2F
0-2: Strikes out looking
Batting: RHB Stephen Concepción 0-0: Ball
1-0: Ball
2-0: Ball
3-0: Base on Balls
Batting: SHB Terry Christian 0-0: Ball
1-0: Foul Ball, location: 2F
1-1: Ball
2-1: Ball
3-1: SINGLE (Groundball, 34D) (infield hit)
Stephen Concepción to second
Batting: LHB Michael Hanson 0-0: Fielders Choice at 2nd, U6 (Groundball, 6M)
Bottom of the 9th over - 0 run(s), 1 hit(s), 0 error(s), 2 left on base; Boston College 6 - Indiana 4
Monday, December 5th, 2016 - OOTP Baseball 17.12 Build 75